SR
SURPRISE SHOCKERS @ ELLESMERE ISLAND SNOWPEOPLE
07/10/2041
 
TOP OF THE 1ST
Surprise Shockers batting - Pitching for Ellesmere Island Snowpeople : LHP Ikaia Duncalf
Pitching: LHP Ikaia Duncalf
Batting: SHB Miguel Lajara 0-0: Foul Ball, location: 2F
0-1: Fly out, F4 (Popup, 34, EV 73.8 MPH)
Batting: RHB Ryan McLeod 0-0: Ball
1-0: Ball
2-0: Ground out 5-3 (Groundball, 56S, EV 89.4 MPH)
Batting: LHB Rubén Larreta 0-0: Called Strike
0-1: Fly out, F8 (Flyball, 8RD, EV 98.8 MPH)
Top of the 1st over - 0 runs, 0 hits, 0 errors, 0 left on base; Surprise 0 - Ellesmere Island 0
BOTTOM OF THE 1ST
Ellesmere Island Snowpeople batting - Pitching for Surprise Shockers : RHP Jim Murray
Pitching: RHP Jim Murray
Batting: RHB Red Greene 0-0: Ball
1-0: Ball
2-0: Ground out 6-3 (Groundball, 6, EV 80.0 MPH)
Batting: LHB Bernard Cornwell 0-0: Ball
1-0: Fly out, F7 (Flyball, 7LM, EV 103.8 MPH)
Batting: RHB Wayne Haylock 0-0: Ball
1-0: Fly out, F3 (Popup, 34, EV 74.4 MPH)
Bottom of the 1st over - 0 runs, 0 hits, 0 errors, 0 left on base; Surprise 0 - Ellesmere Island 0
TOP OF THE 2ND
Surprise Shockers batting - Pitching for Ellesmere Island Snowpeople : LHP Ikaia Duncalf
Batting: RHB Kung Wa 0-0: Foul Ball, location: 2F
0-1: Swinging Strike
0-2: Ball
1-2: Strikes out swinging
Batting: RHB Robbie McClellan 0-0: Ball
1-0: Ball
2-0: Ball
3-0: Called Strike
3-1: Ground out U3 (Groundball, 3, EV 88.1 MPH)
Batting: RHB Francisco Alicea 0-0: Ball
1-0: Ball
2-0: SINGLE (Line Drive, 9LS, EV 103.8 MPH)
Batting: RHB Robbie Fisher 0-0: Ground out 3-1 (Groundball, 34S, EV 85.0 MPH)
Top of the 2nd over - 0 runs, 1 hit, 0 errors, 1 left on base; Surprise 0 - Ellesmere Island 0
BOTTOM OF THE 2ND
Ellesmere Island Snowpeople batting - Pitching for Surprise Shockers : RHP Jim Murray
Batting: RHB Rubén Jusino 0-0: Ground out 6-3 (Groundball, 56, EV 100.6 MPH)
Batting: RHB Joel Fagliano 0-0: Called Strike
0-1: SINGLE (Line Drive, 8RS, EV 88.1 MPH)
Batting: RHB Ramón Rodríguez 0-0: Grounds into double play, 1-6-3 (Groundball, 23, EV 84.4 MPH)
Bottom of the 2nd over - 0 runs, 1 hit, 0 errors, 0 left on base; Surprise 0 - Ellesmere Island 0
TOP OF THE 3RD
Surprise Shockers batting - Pitching for Ellesmere Island Snowpeople : LHP Ikaia Duncalf
Batting: LHB Cory Blatchford 0-0: Swinging Strike
0-1: Ball
1-1: Ground out 4-3 (Groundball, 4, EV 80.0 MPH)
Batting: RHB Juan Olivas 0-0: Ball
1-0: Foul Ball, location: 2F
1-1: Foul Ball, location: 2F
1-2: Strikes out swinging, 2-3 out at first.
Batting: SHB Miguel Lajara 0-0: Ball
1-0: Foul Ball, location: 2F
1-1: Ball
2-1: SINGLE (Groundball, 56, EV 88.1 MPH) (infield hit)
Batting: RHB Ryan McLeod 0-0: Ball
1-0: Ground out 4-3 (Groundball, 4, EV 88.8 MPH)
Top of the 3rd over - 0 runs, 1 hit, 0 errors, 1 left on base; Surprise 0 - Ellesmere Island 0
BOTTOM OF THE 3RD
Ellesmere Island Snowpeople batting - Pitching for Surprise Shockers : RHP Jim Murray
Batting: RHB Thiago Cicerón 0-0: Called Strike
0-1: Foul Ball, location: 2F
0-2: Ball
1-2: Strikes out swinging
Batting: RHB Ron Jackson 0-0: Foul Ball, location: 2F
0-1: Called Strike
0-2: Ball
1-2: Ball
2-2: Foul Ball, location: 2F
2-2: SINGLE (Line Drive, 78M, EV 92.5 MPH)
Batting: LHB Marvin Moore 0-0: Ball
1-0: Ball
2-0: Called Strike
2-1: Grounds into double play, 4-6-3 (Groundball, 4, EV 98.1 MPH)
Bottom of the 3rd over - 0 runs, 1 hit, 0 errors, 0 left on base; Surprise 0 - Ellesmere Island 0
TOP OF THE 4TH
Surprise Shockers batting - Pitching for Ellesmere Island Snowpeople : LHP Ikaia Duncalf
Batting: LHB Rubén Larreta 0-0: Ground out 1-3 (Groundball, 13, EV 81.2 MPH)
Batting: RHB Kung Wa 0-0: Called Strike
0-1: Fly out, F9 (Flyball, 9S, EV 91.9 MPH)
Batting: RHB Robbie McClellan 0-0: Ball
1-0: Ball
2-0: Called Strike
2-1: Called Strike
2-2: Strikes out swinging
Top of the 4th over - 0 runs, 0 hits, 0 errors, 0 left on base; Surprise 0 - Ellesmere Island 0
BOTTOM OF THE 4TH
Ellesmere Island Snowpeople batting - Pitching for Surprise Shockers : RHP Jim Murray
Batting: RHB Red Greene 0-0: Ball
1-0: Foul Ball, location: 2F
1-1: Foul Ball, location: 2F
1-2: Fly out, F8 (Flyball, 8LD, EV 84.4 MPH)
Batting: LHB Bernard Cornwell 0-0: SINGLE (Groundball, 34D, EV 100.0 MPH)
Batting: RHB Wayne Haylock 0-0: Ball
1-0: Called Strike
1-1: Foul Ball, location: 2F
1-2: Ball
2-2: Strikes out swinging
Batting: RHB Rubén Jusino 0-0: Ball
1-0: Ball
2-0: Foul Ball, location: 2F
2-1: Foul Ball, location: 2F
2-2: Ball
3-2: Foul Ball, location: 2F
3-2: Foul Ball, location: 2F
3-2: Foul Ball, location: 2F
3-2: Reached on error, E6 (Groundball, 6S, EV 60.6 MPH)
Bernard Cornwell to third
Batting: RHB Joel Fagliano 0-0: Called Strike
0-1: DOUBLE (Line Drive, 89M, EV 106.9 MPH)
Bernard Cornwell scores
Rubén Jusino scores
Batting: RHB Ramón Rodríguez 0-0: Called Strike
0-1: Ball
1-1: Called Strike
1-2: Foul Ball, location: 2F
1-2: DOUBLE (Line Drive, 89D, EV 109.4 MPH)
Joel Fagliano scores
Batting: RHB Thiago Cicerón 0-0: Swinging Strike
0-1: Ball
1-1: Foul Ball, location: 2F
1-2: Ball
2-2: Ground out 6-3 (Groundball, 6, EV 111.2 MPH)
Bottom of the 4th over - 3 runs, 3 hits, 1 error, 1 left on base; Surprise 0 - Ellesmere Island 3
TOP OF THE 5TH
Surprise Shockers batting - Pitching for Ellesmere Island Snowpeople : LHP Ikaia Duncalf
Batting: RHB Francisco Alicea 0-0: Ball
1-0: Foul Ball, location: 2F
1-1: Ball
2-1: Ball
3-1: Ground out 5-3 (Groundball, 5S, EV 70.6 MPH)
Batting: RHB Robbie Fisher 0-0: Foul Ball, location: 2F
0-1: Foul Ball, location: 2F
0-2: Foul Ball, location: 2F
0-2: Strikes out looking
Batting: LHB Cory Blatchford 0-0: Swinging Strike
0-1: Ball
1-1: SINGLE (Line Drive, 34D, EV 100.0 MPH)
Batting: RHB Juan Olivas 0-0: Ball
1-0: Called Strike
1-1: Foul Ball, location: 2F
1-2: Strikes out swinging
Top of the 5th over - 0 runs, 1 hit, 0 errors, 1 left on base; Surprise 0 - Ellesmere Island 3
BOTTOM OF THE 5TH
Ellesmere Island Snowpeople batting - Pitching for Surprise Shockers : RHP Jim Murray
Batting: RHB Ron Jackson 0-0: Ball
1-0: Called Strike
1-1: Called Strike
1-2: Ball
2-2: Fly out, F4 (Popup, 4, EV 66.2 MPH)
Batting: LHB Marvin Moore 0-0: Ball
1-0: Called Strike
1-1: Swinging Strike
1-2: Ball
2-2: Foul Ball, location: 2F
2-2: Foul Ball, location: 2F
2-2: Strikes out looking
Batting: RHB Red Greene 0-0: Ball
1-0: Ball
2-0: Ball
3-0: Base on Balls
Batting: LHB Bernard Cornwell 0-0: Called Strike
0-1: Ball
1-1: Ball
2-1: Ground out 4-3 (Groundball, 4, EV 104.4 MPH)
Bottom of the 5th over - 0 runs, 0 hits, 0 errors, 1 left on base; Surprise 0 - Ellesmere Island 3
TOP OF THE 6TH
Surprise Shockers batting - Pitching for Ellesmere Island Snowpeople : LHP Ikaia Duncalf
Batting: SHB Miguel Lajara 0-0: Fly out, F9 (Flyball, 89D, EV 89.4 MPH)
Batting: RHB Ryan McLeod 0-0: Called Strike
0-1: Hit by Pitch
Batting: LHB Rubén Larreta 0-0: Called Strike
0-1: Foul Ball, location: 2F
0-2: Ball
1-2: Grounds into double play, 4-6-3 (Groundball, 4D, EV 104.4 MPH)
Top of the 6th over - 0 runs, 0 hits, 0 errors, 0 left on base; Surprise 0 - Ellesmere Island 3
BOTTOM OF THE 6TH
Ellesmere Island Snowpeople batting - Pitching for Surprise Shockers : RHP Jim Murray
Batting: RHB Wayne Haylock 0-0: Called Strike
0-1: Swinging Strike
0-2: Ball
1-2: Foul Ball, location: 2F
1-2: Ball
2-2: Strikes out swinging
Batting: RHB Rubén Jusino 0-0: Called Strike
0-1: Fly out, F9 (Line Drive, 9, EV 91.9 MPH)
Batting: RHB Joel Fagliano 0-0: Called Strike
0-1: Foul Ball, location: 2F
0-2: Ball
1-2: Ball
2-2: Ball
3-2: DOUBLE (Flyball, 8LXD, EV 95.0 MPH)
Batting: RHB Ramón Rodríguez 0-0: Ball
1-0: Foul Ball, location: 2F
1-1: DOUBLE (Flyball, 8LXD, EV 108.8 MPH)
Joel Fagliano scores
Batting: RHB Thiago Cicerón 0-0: Ball
1-0: Ball
2-0: Foul Ball, location: 2F
2-1: Fly out, F9 (Line Drive, 9, EV 92.5 MPH)
Bottom of the 6th over - 1 run, 2 hits, 0 errors, 1 left on base; Surprise 0 - Ellesmere Island 4
TOP OF THE 7TH
Surprise Shockers batting - Pitching for Ellesmere Island Snowpeople : LHP Ikaia Duncalf
Batting: RHB Kung Wa 0-0: Called Strike
0-1: Ball
1-1: Ball
2-1: Foul Ball, location: 2F
2-2: Ball
3-2: Foul Ball, location: 2F
3-2: Base on Balls
Batting: RHB Robbie McClellan 0-0: Ball
1-0: Called Strike
1-1: Called Strike
1-2: Ball
2-2: Foul Ball, location: 2F
2-2: SINGLE (Line Drive, 89S, EV 96.9 MPH)
Kung Wa to second
Batting: RHB Francisco Alicea 0-0: Ball
1-0: Ball
2-0: Swinging Strike
2-1: Foul Ball, location: 2F
2-2: Foul Ball, location: 2F
2-2: Ball
3-2: Strikes out swinging
Batting: RHB Robbie Fisher 0-0: Foul Ball, location: 2F
0-1: DOUBLE (Line Drive, 8LXD, EV 111.9 MPH)
Kung Wa scores
Robbie McClellan to third
Runner from 3rd tries for Home, SAFE, throw by CF to home
Batting: LHB Cory Blatchford 0-0: Ball
1-0: Swinging Strike
1-1: Ball
2-1: Ball
3-1: Swinging Strike
3-2: Ground out 4-3 (Groundball, 4, EV 103.1 MPH)
Robbie Fisher to third
Batting: RHB Juan Olivas 0-0: Foul Ball, location: 2F
0-1: Ground out 4-3 (Groundball, 4, EV 85.0 MPH)
Top of the 7th over - 2 runs, 2 hits, 0 errors, 1 left on base; Surprise 2 - Ellesmere Island 4
BOTTOM OF THE 7TH
Ellesmere Island Snowpeople batting - Pitching for Surprise Shockers : RHP Jim Murray
Batting: RHB Ron Jackson 0-0: Ball
1-0: Ball
2-0: Ball
3-0: Called Strike
3-1: Swinging Strike
3-2: Foul Ball, location: 2F
3-2: Ground out 5-3 (Groundball, 56, EV 104.4 MPH)
Pitching: LHP Tommy Tillman
Batting: LHB Marvin Moore 0-0: Swinging Strike
0-1: Ball
1-1: Swinging Strike
1-2: Foul Ball, location: 2F
1-2: Ball
2-2: Strikes out swinging
Batting: RHB Red Greene 0-0: Called Strike
0-1: Called Strike
0-2: Ball
1-2: Fly out, F8 (Flyball, 89D, EV 91.2 MPH)
Bottom of the 7th over - 0 runs, 0 hits, 0 errors, 0 left on base; Surprise 2 - Ellesmere Island 4
TOP OF THE 8TH
Surprise Shockers batting - Pitching for Ellesmere Island Snowpeople : LHP Ikaia Duncalf
Now at 3B: Kuan Ru
Batting: SHB Miguel Lajara 0-0: Ground out 5-3 (Groundball, 56S, EV 71.9 MPH)
Batting: RHB Ryan McLeod 0-0: Foul Ball, location: 2F
0-1: Foul Ball, location: 2F
0-2: Strikes out looking
Batting: LHB Rubén Larreta 0-0: Called Strike
0-1: Fly out, F7 (Line Drive, 7, EV 94.4 MPH)
Top of the 8th over - 0 runs, 0 hits, 0 errors, 0 left on base; Surprise 2 - Ellesmere Island 4
BOTTOM OF THE 8TH
Ellesmere Island Snowpeople batting - Pitching for Surprise Shockers : LHP Tommy Tillman
Batting: LHB Bernard Cornwell 0-0: Ball
1-0: Called Strike
1-1: Ball
2-1: Ball
3-1: Foul Ball, location: 2F
3-2: Fly out, F9 (Flyball, 9LD, EV 101.9 MPH)
Batting: RHB Wayne Haylock 0-0: Called Strike
0-1: Ball
1-1: Fly out, F3 (Popup, 3F, EV 60.6 MPH)
Batting: RHB Rubén Jusino 0-0: Called Strike
0-1: Foul Ball, location: 2F
0-2: Strikes out swinging
Bottom of the 8th over - 0 runs, 0 hits, 0 errors, 0 left on base; Surprise 2 - Ellesmere Island 4
TOP OF THE 9TH
Surprise Shockers batting - Pitching for Ellesmere Island Snowpeople : LHP Ikaia Duncalf
Pitching: RHP Danny Antonio
Batting: RHB Kung Wa 0-0: Ball
1-0: DOUBLE (Line Drive, 78M, EV 101.9 MPH)
Pinch Hitting: LHB Jose Asuncion 0-0: Swinging Strike
0-1: SINGLE (Groundball, 4D, EV 105.6 MPH)
Kung Wa to third
Pinch Hitting: LHB Pikup Andropov 0-0: Called Strike
0-1: Fly out, F8 (Flyball, 8LM, EV 80.6 MPH)
Pinch Hitting: LHB Rodger Parsons 0-0: Swinging Strike
0-1: Foul Ball, location: 2F
0-2: Ball
1-2: Strikes out swinging
Pinch Hitting: LHB Sergio Rivera 0-0: Ball
1-0: Fly out, F8 (Line Drive, 8LM, EV 93.1 MPH)
Top of the 9th over - 0 runs, 2 hits, 0 errors, 2 left on base; Surprise 2 - Ellesmere Island 4
Tuesday, January 5th, 2021 - OOTP Baseball 20.8 Build 74